Map: Green Acres

Players

A.I. 5 (Medium)

  • Race: Protoss Protoss
  • Spawn Location: 6:00

A.I. 4 (Medium)

  • Race: Zerg Zerg
  • Spawn Location: 7:00

A.I. 3 (Medium)

  • Race: Terran Terran
  • Spawn Location: 9:00

FroGGe - Winner!

  • Race: Zerg Zerg
  • Spawn Location: 12:00

Lunarbears - Winner!

  • Race: Terran Terran
  • Spawn Location: 1:00

larsgj - Winner!

  • Race: Terran Terran
  • Spawn Location: 3:00

VOD

Have the link to the VOD?

Description

Time

  • Played on: May 9, 2020, 3:20 p.m.
  • Length: 29:23
Show
View Real Time Build Order
Export as new Build Order

A.I. 5 (Medium) Protoss 

Build Orders:  

Get SALT Encoding   

  12  0:01  Probe  
  13  0:13  Probe  
  14  0:21  Pylon  
  14  0:25  Probe  
  15  0:35  Probe  
  16  0:43  Probe  
  16  0:48  Assimilator  
  17  0:50  Gateway  
  17  0:53  Probe  
  18  1:01  Pylon  
  18  1:28  Gateway  
  18  1:33  Assimilator  
  18  1:38  Cybernetics Core  
  18  1:39  Zealot  
  20  2:00  Zealot  
  20  2:04  Pylon  
  22  2:15  Zealot  
  24  2:16  Warp Gate  
  24  2:25  Adept  
  24  2:29  Probe  
  27  2:41  Probe  
  27  2:42  Stalker  
  30  2:49  Pylon  
  30  2:52  Stalker  
  30  2:53  Probe  
  33  3:03  Forge  
  33  3:05  Probe  
  34  3:17  Probe  
  35  3:29  Probe  
  36  5:06  Probe  
  36  5:10  Sentry  
  36  5:12  Pylon  
  39  5:14  Probe  
  39  5:15  Photon Cannon  
  39  5:18  Photon Cannon  
  39  5:21  Robotics Facility  
  40  5:22  Stargate, Stalker  
  40  5:26  Twilight Council  
  42  5:28  Gateway  
  42  5:31  Forge  
  42  5:35  Stalker  
  42  5:37  Pylon  
  44  5:48  Stalker  
  42  6:01  Sentry  
  36  6:10  Observer  
  37  6:14  Adept  
  39  6:27  Nexus, Zealot  
  39  6:32  Observer  
  42  6:40  Stalker  
  44  6:53  Zealot  
  46  7:06  Stalker  
  48  7:19  Adept  
  50  7:37  Probe  
  50  7:43  Probe  
  52  7:45  Probe  
  53  7:53  Pylon  
  53  7:54  Probe  
  53  7:55  Probe  
  53  7:58  Pylon  
  55  8:00  Assimilator  
  55  8:04  Assimilator  
  55  8:06  Probe  
  55  8:07  Probe  
  57  8:18  Probe x2  
  59  8:21  Photon Cannon  
  59  8:25  Photon Cannon  
  59  8:27  Probe  
  59  8:30  Probe  
  61  8:35  Probe  
  61  8:38  Probe  
  62  8:47  Probe x2  
  65  8:59  Probe  
  65  9:00  Probe  
  67  9:11  Probe  
  67  9:12  Probe  
  69  9:28  Protoss Ground Weapons Level 1  
  69  9:30  Protoss Ground Armor Level 1  
  69  9:41  Immortal  
  69  9:42  Gateway  
  73  9:49  Robotics Facility  
  73  9:50  Zealot  
  75  9:53  Robotics Bay  
  75  9:57  Stargate  
  75  10:03  Templar Archives  
  75  10:05  Dark Shrine  
  73  10:07  Pylon  
  73  10:09  Zealot  
  73  10:10  Fleet Beacon  
  63  10:19  Sentry  
  63  10:20  Warp Prism  
  59  10:28  Adept  
  59  10:35  Warp Prism  
  61  10:38  Zealot  
  61  10:40  Gravitic Boosters  
  65  10:47  Stalker  
  67  10:56  Observer, Stalker  
  70  11:06  Stalker  
  72  11:16  Immortal  
  76  11:21  Gravitic Drive  
  76  11:24  Nexus  
  76  12:35  Probe  
  76  12:38  Probe  
  76  12:44  Probe  
  78  12:45  Probe  
  78  12:47  Probe  
  81  12:52  Probe, Assimilator  
  81  12:57  Probe  
  83  12:59  Probe  
  83  13:00  Probe  
  85  13:06  Pylon  
  85  13:09  Pylon, Assimilator  
  85  13:12  Stalker  
  85  13:18  Photon Cannon  
  85  13:19  Stalker  
  69  13:26  Protoss Air Weapons Level 1, Stalker  
  64  13:27  Protoss Ground Weapons Level 2  
  64  13:29  Protoss Ground Armor Level 2  
  64  13:34  Zealot  
  64  13:39  Probe  
  66  13:47  Void Ray  
  62  13:49  Immortal  
  58  13:56  Stalker  
  54  14:03  Zealot  
  52  14:10  Zealot  
  50  14:18  Immortal  
  52  14:25  Stalker  
  54  14:32  Zealot  
  54  14:33  Probe  
  54  14:36  Probe  
  58  14:40  Stalker  
  58  14:42  Photon Cannon  
  58  14:45  Probe  
  60  14:48  Probe, Stalker  
  59  14:56  Sentry  
  59  14:57  Probe  
  48  15:00  Nexus  
  48  15:03  Photon Cannon  
  48  15:04  Sentry  
  50  15:12  Zealot  
  52  15:20  High Templar  
  48  15:28  High Templar  
  46  15:36  Zealot  
  46  15:44  Stalker  
  42  15:52  Sentry  
  36  16:00  Zealot  
  36  16:03  Pylon  
  38  16:07  Zealot  
  38  16:08  Pylon  
  33  16:14  Probe  
  33  16:15  Zealot  
  33  16:17  Cybernetics Core  
  31  16:23  Probe  
  34  16:35  Pylon  
  34  16:38  Gateway  
  28  16:40  Probe  
  26  16:48  Probe  
  24  16:56  Stargate  
  24  16:57  Probe  
  25  17:08  Probe  
  26  17:20  Probe  
  26  17:22  Nexus  
  27  17:27  Pylon  
  27  17:32  Zealot  
  27  17:36  Twilight Council  
  27  17:37  Void Ray  
  33  17:52  Zealot  
  35  18:17  Zealot  
  35  18:18  Void Ray  
  41  18:23  Pylon  
  37  18:34  Nexus  
  37  18:38  Sentry  
  38  19:00  Stalker  
  40  19:08  Templar Archives  
  40  19:10  Gateway  
  39  19:39  Robotics Facility, Stalker  
  39  19:43  Pylon  
  41  19:57  Stalker  
  43  20:05  High Templar  
  45  20:09  Stargate  
  45  20:13  High Templar  
  45  20:14  Gateway  
  47  20:26  Observer  
  48  20:37  Robotics Facility  
  48  20:38  Sentry  
  48  20:41  Probe  
  51  20:47  Warp Prism  
  53  20:54  Void Ray  
  53  21:01  Probe  
  57  21:14  Probe  
  57  21:17  Probe  
  59  21:20  Immortal  
  59  21:22  Gateway  
  59  21:24  Nexus, Observer  
  64  21:26  Probe  
  58  21:41  Probe  
  58  21:42  Pylon  
  58  21:45  Warp Prism  
  49  21:49  High Templar  
  30  21:58  Pylon  
  30  22:01  High Templar  
  31  22:29  Archon  
  28  22:30  High Templar  
  25  22:38  High Templar  
  25  22:55  High Templar, Archon  
Show
View Real Time Build Order
Export as new Build Order

A.I. 4 (Medium) Zerg 

Build Orders: 1 Base Baneling Bust, Pool First 

Get SALT Encoding   

  12  0:01  Drone  
  13  0:12  Overlord  
  13  0:17  Drone  
  14  0:30  Drone  
  14  0:33  Drone  
  16  0:43  Spawning Pool  
  16  0:45  Drone  
  16  0:49  Drone  
  17  0:53  Extractor  
  17  0:55  Drone  
  17  1:05  Overlord  
  17  1:30  Queen  
  17  1:31  Zergling x2  
  20  1:37  Roach Warren  
  20  1:38  Drone  
  20  1:42  Extractor  
  19  1:48  Zergling x2  
  19  1:49  Drone  
  21  1:59  Drone  
  22  2:10  Overlord  
  22  2:21  Roach  
  24  2:37  Overlord  
  24  2:38  Lair  
  24  2:39  Roach  
  26  2:56  Roach  
  28  3:13  Roach  
  28  3:19  Drone  
  31  3:24  Drone  
  32  3:30  Roach  
  34  3:39  Hydralisk Den  
  34  3:40  Drone  
  34  3:45  Overlord  
  34  3:49  Drone  
  34  3:53  Drone  
  36  3:57  Drone  
  36  4:02  Drone  
  38  4:08  Hydralisk  
  40  4:10  Baneling Nest  
  40  4:15  Drone  
  40  4:19  Evolution Chamber  
  40  4:21  Drone  
  40  4:25  Hydralisk  
  42  4:43  Hydralisk  
  44  6:50  Overlord, Baneling  
  44  6:51  Overseer  
  44  6:52  Overseer  
  44  6:53  Spire  
  43  6:55  Drone, Spore Crawler  
  43  6:58  Drone, Spore Crawler  
  43  6:59  Zergling x2  
  44  7:01  Drone, Infestation Pit  
  44  7:04  Drone, Evolution Chamber  
  44  7:07  Drone  
  45  7:08  Zergling x2  
  45  7:09  Overlord, Queen  
  47  7:18  Hatchery  
  47  7:19  Zergling x2  
  42  7:26  Spine Crawler  
  42  7:29  Zergling x2  
  30  7:31  Drone, Spine Crawler  
  30  7:39  Baneling, Zergling x2  
  31  7:46  Overseer  
  31  8:06  Mutalisk  
  33  8:15  Mutalisk  
  35  8:24  Mutalisk  
  37  8:30  Drone, Queen  
  37  8:33  Drone  
  41  8:34  Mutalisk  
  41  8:36  Drone  
  41  8:39  Drone  
  45  8:42  Drone  
  45  8:43  Mutalisk  
  45  8:45  Drone  
  50  8:48  Drone  
  50  8:51  Drone  
  50  8:53  Mutalisk  
  50  8:54  Drone  
  54  8:57  Drone  
  54  8:58  Extractor  
  54  9:00  Spore Crawler  
  54  9:02  Drone  
  54  9:03  Spore Crawler  
  54  9:05  Drone  
  54  9:08  Drone  
  55  9:11  Drone  
  55  9:14  Drone  
  57  9:18  Drone  
  57  9:20  Drone  
  57  9:23  Drone  
  60  9:26  Overlord  
  60  9:28  Spine Crawler  
  60  9:30  Spine Crawler  
  58  9:33  Overseer  
  58  9:34  Drone  
  59  9:44  Drone  
  60  9:45  Overlord  
  60  9:47  Drone  
  60  9:50  Drone  
  62  9:55  Drone  
  62  9:58  Drone  
  64  10:06  Drone  
  65  11:01  Extractor  
  64  11:22  Overlord  
  64  11:23  Roach, Pneumatized Carapace  
  64  11:25  Overseer, Zerg Melee Weapons Level 1  
  66  11:29  Zerg Ground Armor Level 1  
  66  11:30  Roach  
  68  11:36  Metabolic Boost  
  68  11:37  Hydralisk  
  70  11:41  Burrow, Overlord  
  70  11:45  Roach  
  57  11:52  Roach  
  57  11:58  Overseer  
  57  12:00  Roach, Overlord  
  59  12:07  Hydralisk, Hive  
  61  12:14  Hydralisk  
  63  12:20  Overlord  
  63  12:22  Infestor  
  67  12:30  Roach  
  67  12:37  Roach  
  69  12:44  Roach  
  71  12:52  Roach  
  73  12:59  Roach  
  75  13:06  Hydralisk  
  77  13:14  Hydralisk  
  77  13:19  Roach, Zerg Missile Weapons Level 1  
  79  13:20  Greater Spire  
  79  13:23  Hydralisk  
  79  13:24  Ultralisk Cavern  
  79  13:26  Drone  
  81  13:30  Infestor  
  73  13:38  Zergling x2  
  56  13:45  Infestor  
  58  13:53  Roach  
  60  14:00  Hydralisk  
  56  14:08  Hydralisk  
  57  14:12  Overlord  
  57  14:16  Hydralisk  
  59  14:24  Roach  
  61  14:30  Overlord  
  61  14:31  Mutalisk  
  51  14:32  Queen  
  51  14:34  Queen  
  51  14:38  Mutalisk  
  55  14:46  Mutalisk  
  55  14:49  Spire  
  55  14:50  Overlord  
  52  14:54  Evolution Chamber  
  52  14:58  Overlord  
  52  14:59  Overseer  
  49  15:02  Overseer  
  49  15:06  Hydralisk Den  
  46  15:10  Zergling x2  
  46  15:11  Overseer  
  38  15:16  Overlord, Evolution Chamber  
  38  15:18  Roach Warren  
  33  15:21  Overlord  
  29  15:33  Overlord  
  29  15:45  Hatchery  
  29  15:48  Spawning Pool  
  25  15:52  Overlord, Drone  
  25  15:55  Drone  
  27  15:58  Drone  
  27  15:59  Roach  
  30  16:09  Hatchery  
  30  16:11  Drone  
  30  16:27  Drone  
  30  16:30  Drone  
  30  16:35  Zergling x2  
  31  16:44  Drone  
  31  16:46  Lair  
  31  16:48  Evolution Chamber  
  31  16:49  Drone  
  31  16:52  Drone  
  31  17:11  Drone  
  31  17:27  Extractor  
  31  17:29  Drone  
  30  17:32  Drone  
  31  17:42  Extractor  
  31  17:43  Drone  
  31  17:45  Overseer  
  31  17:50  Extractor  
  31  17:51  Drone  
  31  17:54  Drone  
  31  17:55  Infestation Pit  
  31  17:56  Overlord, Zergling x2  
  31  17:57  Spire, Drone  
  32  17:59  Extractor  
  32  18:00  Drone  
  32  18:03  Zergling x2  
  28  18:10  Roach  
  27  18:17  Drone  
  12  18:40  Spawning Pool  
  9  19:00  Drone  
  10  19:03  Drone  
  10  19:06  Drone  
  10  19:09  Drone  
  13  19:24  Drone  
  13  19:27  Drone  
  13  19:29  Queen  
  13  19:30  Drone, Zergling x2  
  19  19:34  Drone  
  20  19:38  Hatchery  
  20  19:39  Drone, Lair  
  20  19:48  Overlord  
  20  19:52  Drone  
  21  19:57  Zergling x2  
  22  20:01  Drone  
  22  20:09  Overlord  
  22  20:10  Zergling x2  
  23  20:19  Drone  
  23  20:21  Baneling Nest  
  18  20:24  Drone  
  18  20:28  Drone x2  
  16  20:29  Queen  
  16  20:30  Zergling x2  
  16  20:31  Drone  
  16  20:32  Zergling x2  
  16  20:33  Drone  
  22  20:42  Infestation Pit  
  21  20:44  Drone  
  21  20:45  Spire  
  21  20:49  Drone  
  20  20:55  Drone  
  20  21:02  Drone  
  21  21:06  Drone  
  21  21:07  Zergling x2  
  22  21:12  Baneling  
  22  21:13  Zergling x2  
  23  21:22  Hive  
  23  21:39  Drone  
  24  21:43  Drone  
  25  21:47  Drone  
  25  21:52  Drone  
  27  21:56  Drone  
  27  21:59  Mutalisk  
  27  22:00  Drone  
  27  22:01  Mutalisk  
  33  22:09  Evolution Chamber  
  33  22:11  Drone  
  33  22:20  Evolution Chamber, Overseer  
  32  22:25  Drone  
  32  22:28  Zergling x2  
  34  22:32  Zergling x2  
  34  22:35  Zergling x2  
  36  22:42  Overlord  
  36  22:51  Mutalisk  
  34  22:58  Mutalisk  
  34  23:01  Zergling x2  
  34  23:04  Zergling x2  
  35  23:06  Zergling x2  
  35  23:07  Mutalisk  
  35  23:10  Zergling x2, Baneling  
  39  23:12  Baneling  
  39  23:17  Zergling x2  
  39  23:19  Mutalisk  
  41  23:33  Overlord, Overseer  
  40  23:41  Baneling  
  40  23:42  Baneling x2  
  40  23:44  Zergling x2  
  41  23:52  Zergling x2  
  41  23:54  Zergling x2  
  43  23:57  Zergling x2  
  43  24:01  Zergling x2  
  45  24:04  Zergling x2  
  45  24:06  Zergling x2  
  47  24:10  Spore Crawler  
  47  24:14  Drone  
  47  24:20  Mutalisk  
  22  25:00  Overlord  
  21  25:19  Overlord  
  21  25:29  Hatchery  
  21  25:31  Spawning Pool  
  18  25:45  Spire  
  15  26:13  Drone  
  14  26:18  Queen  
  14  26:19  Drone, Zergling x2  
  14  26:25  Zergling x2  
  19  26:26  Roach Warren  
  17  27:09  Roach  
  18  27:18  Drone  
  15  27:31  Hatchery  
  15  27:34  Drone  
  15  27:37  Drone  
Show
View Real Time Build Order
Export as new Build Order

A.I. 3 (Medium) Terran 

Build Orders:  

Get SALT Encoding   

  12  0:01  SCV  
  13  0:13  SCV  
  14  0:19  Supply Depot  
  14  0:25  SCV  
  15  0:41  SCV  
  16  0:43  Barracks  
  16  0:50  Refinery  
  16  0:53  SCV  
  17  1:05  SCV  
  18  1:16  Supply Depot  
  18  1:31  Marine  
  19  1:33  Orbital Command, Barracks  
  19  1:42  Refinery  
  19  1:51  Barracks Tech Lab  
  19  2:08  Marine  
  19  2:11  Supply Depot  
  20  2:20  Marine  
  21  2:30  Marauder  
  21  2:31  SCV  
  24  2:40  Marine  
  24  2:43  SCV  
  26  2:44  Engineering Bay  
  26  2:52  Marauder  
  26  2:56  SCV  
  26  2:58  Supply Depot  
  29  3:08  SCV  
  30  3:13  Marauder  
  32  3:20  SCV  
  33  3:32  SCV  
  34  3:34  Marauder  
  36  5:07  Barracks Tech Lab  
  36  5:08  SCV, Reaper  
  36  5:11  Factory  
  38  5:14  Factory  
  38  5:17  Supply Depot  
  38  5:19  Missile Turret  
  38  5:21  SCV, Missile Turret  
  39  5:25  Marine  
  39  5:27  Sensor Tower  
  40  5:30  Barracks  
  40  5:40  Marine  
  40  5:42  Bunker  
  35  5:43  Marine  
  30  5:58  Marine  
  30  6:00  Starport, Factory Tech Lab, Command Center  
  30  6:01  Marauder, Factory Tech Lab  
  30  6:04  Armory  
  33  6:16  Marauder  
  33  6:17  Barracks Reactor  
  35  6:22  Marine  
  36  6:37  Marauder, Starport Tech Lab  
  38  6:40  Marine  
  39  6:52  Marine  
  40  7:00  Marine  
  43  7:04  Raven  
  43  7:08  Reaper  
  43  7:12  SCV  
  45  7:15  SCV  
  45  7:16  Refinery  
  45  7:19  Marauder  
  48  7:25  SCV  
  48  7:26  Missile Turret  
  48  7:27  SCV  
  50  7:31  Missile Turret  
  50  7:33  Refinery  
  50  7:37  SCV  
  51  7:40  SCV  
  54  7:47  Raven  
  54  7:49  SCV  
  55  7:52  SCV  
  55  7:55  Bunker  
  56  8:01  SCV  
  56  8:04  SCV  
  58  8:13  SCV  
  58  8:16  SCV  
  60  8:25  SCV  
  61  8:28  SCV  
  61  8:32  Supply Depot  
  62  8:37  SCV  
  62  8:40  SCV  
  64  8:49  SCV  
  64  8:52  SCV  
  66  9:01  SCV  
  66  9:03  Siege Tank  
  66  9:04  SCV, Medivac  
  66  9:07  Starport  
  66  9:08  Stimpack  
  66  9:09  Supply Depot  
  72  9:11  Siege Tank  
  74  9:17  Combat Shield  
  74  9:19  Marine  
  62  9:27  Marine  
  57  9:35  Marine, Supply Depot  
  60  9:43  Raven, Marine, Medivac  
  63  9:46  Engineering Bay  
  63  9:51  Terran Infantry Weapons Level 1, Marine  
  64  9:59  Marine  
  65  10:07  Marine  
  65  10:10  Ghost Academy  
  65  10:12  Terran Infantry Armor Level 1  
  65  10:13  Starport Tech Lab  
  66  10:15  Marine  
  69  10:23  Marine  
  69  10:25  Raven  
  69  10:27  Fusion Core  
  70  10:31  Marine  
  71  10:36  Concussive Shells  
  71  10:37  Armory  
  71  10:39  Siege Tank  
  74  10:47  Siege Tank  
  77  11:11  Siege Tank  
  80  11:19  Siege Tank  
  83  13:10  Marauder  
  83  13:11  Terran Infantry Weapons Level 2  
  83  13:12  Terran Ship Weapons Level 1, Terran Infantry Armor Level 2  
  85  13:13  Supply Depot  
  85  13:15  Marine  
  85  13:16  Terran Vehicle Weapons Level 1  
  85  13:18  Widow Mine  
  88  13:21  Marine  
  88  13:24  Marine  
  81  13:31  Marine  
  81  13:32  Marine  
  74  13:39  Marine  
  74  13:40  Raven  
  61  13:42  Marine, Supply Depot  
  58  13:48  Marine  
  58  13:50  Marine  
  60  13:57  Marine  
  60  14:00  SCV, Marine  
  36  14:07  Marauder  
  36  14:09  Marauder  
  40  14:11  Raven  
  40  14:12  SCV  
  40  14:15  Marine  
  42  14:18  Marine  
  42  14:20  Hellion  
  44  14:24  SCV  
  44  14:28  Marine  
  44  14:29  Marine  
  46  14:32  Marine  
  46  14:33  Siege Tank  
  46  14:36  Marine, SCV  
  53  14:41  Siege Tank  
  55  14:45  Marine  
  55  14:46  Raven  
  55  14:47  Marine  
  55  14:48  SCV  
  55  14:49  Command Center  
  55  14:50  Marine  
  59  14:53  Marine  
  51  15:00  SCV  
  51  15:03  Marine  
  51  15:05  Marine  
  38  15:08  Marine  
  38  15:11  Marine  
  38  15:12  SCV  
  38  15:14  Raven  
  37  15:21  Marine  
  37  15:23  Marine  
  37  15:24  SCV, Medivac  
  37  15:26  Marine  
  41  15:29  Marine  
  41  15:33  Widow Mine  
  44  15:36  SCV  
  44  15:39  Marauder  
  44  15:41  Marauder  
  49  15:44  Marine  
  49  15:45  Widow Mine  
  49  15:48  Marine, SCV  
  54  16:01  SCV, Marauder  
  54  16:02  SCV  
  54  16:03  Marauder, Marine  
  61  16:06  Marine  
  61  16:13  SCV  
  61  16:14  SCV  
  63  16:20  Marine  
  63  16:22  Marine, Missile Turret  
  63  16:23  Marine  
  63  16:25  SCV  
  66  16:26  Marine, SCV  
  64  16:37  SCV  
  64  16:38  Marine  
  64  16:39  Marine  
  50  16:42  Marauder  
  50  16:45  Marine  
  44  16:49  SCV  
  34  16:56  Marine  
  34  16:57  Marine  
  32  17:01  SCV  
  32  17:03  Marine  
  27  17:13  SCV  
  1  19:11  Command Center  
  1  20:25  SCV  
  2  20:37  SCV  
  3  20:49  SCV  
  4  21:01  SCV  
  5  21:14  SCV  
  6  21:26  SCV  
  6  21:27  Supply Depot  
  7  21:53  Barracks  
  7  23:02  SCV  
  7  23:03  Refinery  
  8  23:15  SCV  
  9  23:22  Supply Depot  
  9  23:27  SCV  
  10  23:34  Barracks Tech Lab  
  10  23:39  SCV  
  11  23:51  SCV  
  12  24:03  SCV  
  13  24:15  SCV  
  14  24:27  SCV  
  14  24:29  Marine  
  16  24:34  Supply Depot  
  16  24:47  Marine  
  17  24:57  SCV  
  18  25:05  Marine  
  19  25:09  SCV, Supply Depot  
  20  25:33  Orbital Command  
  20  25:34  Marine  
  21  25:52  Marine  
  21  25:53  Supply Depot  
  22  26:05  Refinery  
  22  26:10  Marine  
  23  26:21  Engineering Bay  
  23  26:28  Marine  
  24  26:38  Supply Depot  
  24  26:41  SCV  
  24  26:46  Marine  
  26  27:04  Marauder  
  26  27:06  Missile Turret  
  28  27:25  Marine  
  28  27:32  Factory  
  28  27:36  Supply Depot  
  26  27:38  Missile Turret  
  26  27:43  Marine  
  27  27:50  Barracks  
  27  28:01  Marine  
  27  28:03  Supply Depot  
  15  28:18  Marine  
  16  28:28  SCV, Factory  
  17  28:36  Marine  
  17  28:40  SCV  
  19  28:52  SCV  
  21  29:01  Command Center  
Show
View Real Time Build Order
Export as new Build Order

FroGGe Zerg - Winner!

Build Orders: Pool First 

Get SALT Encoding   

  12  0:06  Drone  
  13  0:15  Drone  
  13  0:20  Overlord  
  14  0:39  Drone  
  14  0:40  Drone  
  16  1:02  Extractor  
  15  1:07  Spawning Pool  
  15  1:08  Drone x3  
  17  1:24  Overlord  
  17  1:47  Evolution Chamber  
  16  1:48  Drone x2  
  18  1:56  Queen  
  20  2:16  Hatchery  
  19  2:23  Zergling x6  
  22  2:33  Lair  
  22  2:44  Zergling x2  
  23  3:00  Drone x2  
  25  3:07  Extractor  
  25  3:09  Zerg Missile Weapons Level 1  
  24  3:30  Overlord  
  24  3:38  Drone  
  25  3:46  Hydralisk Den  
  25  3:47  Queen  
  26  3:57  Drone x2  
  28  4:19  Muscular Augments  
  28  4:37  Hydralisk x3  
  34  4:46  Extractor  
  34  4:50  Extractor, Drone x3  
  35  4:59  Queen  
  35  5:06  Zerg Missile Weapons Level 2  
  37  5:28  Hydralisk x3  
  44  5:35  Drone  
  31  6:08  Hydralisk  
  31  6:09  Hydralisk x5  
  43  6:28  Drone  
  43  6:30  Overlord x2  
  44  6:56  Hydralisk  
  44  6:57  Hydralisk x5  
  56  7:14  Grooved Spines  
  56  7:22  Zerg Ground Armor Level 1  
  56  7:50  Hydralisk x2  
  60  7:53  Overlord x2  
  60  8:17  Drone x4  
  60  8:18  Drone  
  65  8:44  Queen  
  67  9:13  Hydralisk  
  67  9:14  Hydralisk x2  
  67  9:16  Hatchery  
  62  10:26  Hydralisk x3  
  62  10:27  Hydralisk x5  
  62  10:28  Hydralisk  
  80  10:32  Zerg Ground Armor Level 2  
  80  10:46  Infestation Pit  
  80  10:48  Drone x2  
  81  11:14  Overlord x3  
  81  11:32  Queen  
  83  11:44  Hydralisk x2  
  83  11:45  Hydralisk x3  
  95  12:20  Drone x3  
  98  12:29  Queen  
  98  13:05  Hydralisk x3, Queen  
  98  13:11  Overlord  
  98  13:12  Overlord  
  102  13:48  Hydralisk x5  
  102  13:49  Hydralisk x5  
  122  14:13  Hive  
  102  15:09  Hydralisk x2  
  102  15:10  Hydralisk x6  
  102  15:11  Hydralisk x2  
  110  16:22  Hydralisk x4  
  110  16:23  Hydralisk x2  
  116  17:22  Drone x5  
  121  17:23  Drone  
  121  17:24  Overlord  
  121  17:25  Overlord x4  
  108  18:13  Hydralisk x2  
  108  18:14  Hydralisk x6  
  108  18:15  Hydralisk  
  126  19:24  Hydralisk x5  
  126  19:25  Hydralisk x4  
  134  20:43  Hydralisk x6  
  142  21:51  Hydralisk x4  
  142  21:52  Hydralisk x2  
  152  22:32  Overlord x3  
  152  22:33  Overlord x2  
  152  22:41  Hatchery  
  151  22:47  Extractor  
  151  22:50  Overseer  
  150  22:52  Extractor  
  139  24:29  Queen  
  141  24:39  Hydralisk x2  
  141  24:43  Overlord x2  
  143  26:29  Hydralisk x2  
  143  26:30  Hydralisk x4  
  154  26:33  Overlord x3  
  153  27:15  Hatchery  
Show
View Real Time Build Order
Export as new Build Order

Lunarbears Terran - Winner!

Build Orders:  

Get SALT Encoding   

  12  0:04  SCV  
  13  0:17  SCV  
  14  0:23  Supply Depot  
  14  0:29  SCV  
  15  0:45  SCV  
  16  0:52  Barracks  
  16  0:56  Supply Depot  
  16  0:58  SCV  
  17  1:10  SCV  
  18  1:15  Refinery  
  18  1:23  SCV  
  19  1:31  Refinery  
  19  1:39  Engineering Bay  
  19  1:52  Marine  
  20  2:04  Supply Depot  
  21  2:08  SCV  
  21  2:10  Marine  
  22  2:20  SCV  
  22  2:21  Factory  
  23  2:28  Marine  
  24  2:32  SCV  
  25  2:42  Terran Infantry Weapons Level 1  
  25  2:44  SCV  
  25  2:46  Marine  
  27  3:01  Supply Depot  
  27  3:03  Marine  
  28  3:10  Factory Tech Lab  
  28  3:19  Starport  
  28  3:23  SCV  
  29  3:35  SCV  
  30  3:47  SCV  
  31  3:56  Command Center  
  31  4:17  Cyclone  
  34  4:24  Starport Tech Lab  
  34  4:37  Fusion Core  
  34  4:39  Supply Depot  
  34  4:49  Cyclone  
  37  5:01  Marine  
  38  5:18  Barracks  
  38  5:19  Marine  
  38  5:20  Banshee  
  42  5:37  Marine  
  42  5:39  Starport  
  38  5:55  Marine  
  38  6:10  SCV  
  39  6:12  Marine  
  39  6:15  Battlecruiser  
  46  6:22  SCV  
  47  6:30  Marine x2  
  49  6:34  SCV  
  49  6:37  Starport Tech Lab  
  50  6:47  Marine  
  50  6:48  SCV, Marine  
  53  7:00  SCV  
  54  7:02  Battlecruiser  
  60  7:12  SCV  
  61  7:24  SCV  
  61  7:38  Armory  
  61  7:42  Marine x2  
  63  8:12  Battlecruiser  
  69  8:26  Marine  
  70  8:36  Supply Depot  
  70  8:39  Terran Ship Weapons Level 1  
  70  8:54  Supply Depot  
  70  8:57  Marine x2  
  72  9:15  Marine  
  65  9:46  Supply Depot  
  61  10:26  SCV  
  62  10:32  Refinery  
  62  10:33  Terran Vehicle And Ship Armor Level 1  
  62  10:38  SCV  
  62  10:39  Battlecruiser  
  69  10:48  Supply Depot  
  69  10:50  SCV  
  70  11:01  Marine x2  
  70  11:02  SCV  
  73  11:15  SCV  
  74  11:18  Marine  
  74  11:19  Marine  
  76  11:34  Refinery  
  76  11:36  Marine x2  
  78  11:42  Battlecruiser  
  76  11:54  Marine x2  
  78  12:12  Marine x2  
  80  12:27  Terran Ship Weapons Level 2  
  80  12:38  Battlecruiser  
  83  13:55  Battlecruiser  
  83  14:00  Battlecruiser  
  89  14:43  Terran Vehicle And Ship Armor Level 2  
  95  15:00  Battlecruiser  
  95  15:04  Battlecruiser  
  101  16:14  Supply Depot  
  101  16:36  Battlecruiser  
  107  16:40  Supply Depot  
  107  17:01  Battlecruiser  
  65  20:14  Battlecruiser x2  
  77  20:18  Marine  
  77  20:19  Marine  
  76  20:35  Marine  
  76  20:36  Marine  
  78  20:53  Marine  
  78  20:54  Marine  
  57  22:22  Command Center  
  57  22:30  Command Center  
  57  22:43  Command Center  
  57  22:46  Command Center  
  57  23:03  Command Center  
  55  23:41  Marine x2  
  53  23:59  Marine  
  53  24:12  Command Center  
  52  24:19  Command Center  
  7  28:34  Engineering Bay  
  7  28:37  Supply Depot  
  7  28:46  Supply Depot  
  7  29:07  Engineering Bay  
  7  29:20  Barracks  
Show
View Real Time Build Order
Export as new Build Order

larsgj Terran - Winner!

Build Orders:  

Get SALT Encoding   

  12  0:02  SCV  
  13  0:14  SCV  
  13  0:20  Supply Depot  
  14  0:30  SCV  
  15  0:42  SCV  
  16  0:50  Barracks  
  16  0:54  SCV  
  17  0:57  Supply Depot  
  17  1:06  SCV  
  17  1:09  Refinery  
  18  1:12  Refinery  
  18  1:18  SCV  
  19  1:25  Supply Depot  
  19  1:30  SCV  
  20  1:44  Marine  
  21  1:48  SCV  
  22  1:59  Bunker  
  22  2:00  SCV  
  23  2:02  Marine  
  24  2:13  SCV  
  25  2:19  Marine  
  26  2:31  Bunker  
  26  2:33  SCV, Engineering Bay  
  27  2:37  Marine  
  28  2:44  Supply Depot  
  28  2:55  Marine  
  29  3:03  Bunker  
  29  3:13  Marine  
  30  3:20  SCV  
  30  3:23  Bunker  
  31  3:31  Marine  
  31  3:32  SCV  
  33  3:44  SCV  
  33  3:46  Missile Turret  
  34  3:49  Marine  
  35  3:56  SCV  
  36  4:06  Marine  
  36  4:08  SCV  
  38  4:10  Missile Turret  
  38  4:20  SCV  
  39  4:24  Marine  
  39  4:28  Factory  
  39  4:31  Missile Turret  
  40  4:32  SCV  
  41  4:42  Marine  
  41  4:44  SCV  
  43  4:53  Missile Turret  
  43  4:56  SCV  
  44  5:00  Marine  
  44  5:04  Barracks  
  45  5:09  SCV  
  45  5:10  Supply Depot  
  46  5:18  Marine  
  47  5:28  Command Center  
  47  5:31  SCV  
  47  5:33  Supply Depot  
  48  5:35  Marine  
  49  5:43  SCV  
  50  5:53  Marine  
  50  5:55  SCV  
  52  6:31  Factory Tech Lab  
  52  6:39  Factory  
  52  6:46  Armory  
  52  6:52  SCV  
  52  6:53  Refinery  
  53  7:02  Orbital Command  
  53  7:04  SCV  
  53  7:07  Supply Depot  
  54  7:16  SCV  
  53  7:28  SCV  
  53  7:29  Supply Depot  
  50  7:31  Refinery  
  50  7:37  Bunker  
  50  7:40  SCV  
  51  7:52  SCV  
  52  8:02  Thor  
  52  8:04  Factory Tech Lab  
  52  8:05  SCV  
  59  8:09  Bunker  
  59  8:16  Terran Vehicle And Ship Armor Level 1  
  59  8:17  SCV  
  60  8:29  SCV  
  60  8:33  Missile Turret  
  61  8:40  Bunker  
  61  8:44  Orbital Command  
  61  8:50  Thor  
  67  8:56  Missile Turret  
  67  9:01  Thor  
  73  9:12  Missile Turret  
  73  9:21  Missile Turret  
  73  9:32  Supply Depot  
  73  9:35  Thor  
  73  9:36  Missile Turret  
  79  9:55  Supply Depot  
  79  9:59  Missile Turret  
  79  10:10  Terran Vehicle Weapons Level 1  
  79  10:17  Supply Depot  
  79  10:21  Missile Turret  
  79  10:31  Thor x2  
  91  10:39  Supply Depot  
  91  10:58  Barracks  
  91  11:14  Thor x2  
  103  11:58  Supply Depot  
  103  12:04  Terran Vehicle And Ship Armor Level 2  
  103  12:18  Thor  
  103  12:19  Thor  
  103  12:21  Supply Depot  
  115  12:43  Supply Depot  
  115  13:01  Thor x2  
  127  13:05  Supply Depot  
  109  13:28  Supply Depot  
  85  13:49  Thor x2  
  85  13:50  Supply Depot  
  97  14:19  Terran Vehicle Weapons Level 2  
  97  14:23  Starport  
  97  14:24  Starport  
  97  14:32  Thor x2  
  109  15:19  Medivac  
  113  15:27  Starport Tech Lab  
  111  15:49  Medivac  
  113  16:19  Medivac  
  115  16:35  Medivac  
  109  16:49  Medivac  
  111  17:04  Medivac  
  113  17:19  Medivac  
  115  17:34  Medivac  
  117  17:49  Medivac  
  89  18:04  Medivac  
  67  18:19  Medivac, Thor  
  75  18:20  Thor  
  81  18:34  Medivac  
  83  19:02  Thor  
  89  19:03  Thor  
  95  19:45  Thor x2  
  85  20:28  Thor  
  91  20:53  Thor  
  97  21:10  Thor  
  103  21:36  Thor  
  109  22:42  Thor x2  
  121  23:25  Thor  
  127  23:35  Thor  
  133  24:56  Thor  
Tags
 
Add a new tag
Caveats
  • Supply blocks, unpowered buildings, or Contaminate may cause inaccurate times.
  • Supply counts are checked every 10 seconds.